 Dungeon Crawl Stone Soup version 0.25-a0-317-g5f8687bca5 (webtiles) character file.

Game seed: 18296054122384744765, levelgen mode: classic

25353 Borgoz the Cruncher (level 13, -10/124 HPs)
             Began as a Gargoyle Gladiator on Dec 25, 2019.
             Was an Elder of Ashenzari.
             Splashed by an acid dragon's acid (16 damage)
             ... on level 11 of the Dungeon.
             The game lasted 00:29:08 (14171 turns).

Borgoz the Cruncher (Gargoyle Gladiator)           Turns: 14171, Time: 00:29:09

Health: -10/124    AC: 23    Str: 34    XL:     13   Next: 19%
Magic:  13/13      EV: 21    Int:  4    God:    Ashenzari [****..]
Gold:   866        SH:  0    Dex: 15    Spells: 12/12 levels left

rFire    + + .     SeeInvis +   a - +6 quarterstaff (curse)
rCold    + . .     Gourm    .   (shield currently unavailable)
rNeg     + . .     Faith    .   w - +4 ring mail {rF+}
rPois    ∞         Spirit   .   c - +1 helmet
rElec    +         Reflect  .   H - scarf {rC+ rF+}
rCorr    .         Harm     .   (no gloves)
MR       .....     Clarity  +   (no boots)
Stlth    ..........             h - amulet of Bor Mut {+Fly rElec Regen+ Str+8 Int-5}
HPRegen  0.30/turn              j - +2 ring of strength
MPRegen  0.13/turn              o - +3 ring of evasion

@: berserking (expiring), vulnerable, very slightly contaminated, studying
Polearms, invisible, very quick
A: negative energy resistance 1, electricity resistance, unbreathing,
petrification resistance, rot immunity, AC +9
a: Curse Item, Scrying, Renounce Religion, Evoke Flight


You were on level 11 of the Dungeon.
You worshipped Ashenzari.
Ashenzari was greatly pleased with you.
You were not hungry.

You visited 2 branches of the dungeon, and saw 12 of its levels.
You visited the Abyss 1 time.
You also visited: Bailey.

You collected 866 gold pieces.

Inventory:

Hand Weapons
 a - a cursed +6 quarterstaff (weapon)
Missiles
 g - 4 throwing nets (quivered)
Armour
 c - a +1 helmet (worn)
 p - +2 ice dragon scales
 w - a +4 ring mail of fire resistance (worn)
 H - a scarf of resistance (worn)
Jewellery
 h - the amulet of Bor Mut (around neck) {+Fly rElec Regen+ Str+8 Int-5}
   (You found it on level 9 of the Dungeon)

   [amulet of regeneration]

   It affects your strength (+8).
   It affects your intelligence (-5).
   It insulates you from electricity.
   It lets you fly.
   It increases your rate of regeneration.
 j - a +2 ring of strength (left hand)
 o - a +3 ring of evasion (right hand)
 E - the amulet of Duuh {Gourm Int+3}
   (You found it on level 9 of the Dungeon)

   [amulet of the gourmand]

   It allows you to eat raw meat even when not hungry.
   It affects your intelligence (+3).
Wands
 d - a wand of paralysis (12)
 l - a wand of iceblast (4)
 t - a wand of acid (4)
 u - a wand of random effects (10)
 D - a wand of flame (32)
Scrolls
 e - 9 scrolls of teleportation
 n - 3 scrolls of fog
 r - 6 scrolls of enchant armour
 x - a scroll of fear
 z - 4 scrolls of remove curse
 A - a scroll of blinking
 B - a scroll of amnesia
 F - 2 scrolls of magic mapping
Potions
 b - a potion of agility
 i - a potion of invisibility
 k - a potion of berserk rage
 m - 3 potions of brilliance
 q - a potion of mutation
 v - a potion of cancellation
 C - 2 potions of lignification
Books
 y - a manual of Polearms
Comestibles
 f - 28 rations
 s - 35 chunks of flesh


   Skills:
 + Level 10.7 Fighting
 + Level 12.6(16.7) Staves
 - Level 1.7 Throwing
 + Level 10.4 Armour
 + Level 10.7 Dodging


You had 12 spell levels left.
You didn't know any spells.
Your spell library contained the following spells:

 Spells                   Type           Power        Failure   Level  Hunger
 Airstrike                Air            #.........   100%        4    #####..
 Summon Lightning Spire   Summ/Air       #.......     100%        4    #####..
 Silence                  Hex/Air        #.........   100%        5    ######.
 Conjure Ball Lightning   Conj/Air       #.........   100%        6    #######
 Deflect Missiles         Chrm/Air       #.........   100%        6    #######
 Tornado                  Air            #.........   100%        9    #######


Dungeon Overview and Level Annotations

Branches:
Dungeon (11/15)            Temple (1/1) D:6            Lair (0/6) D:11
    Orc (0/2) D:11         Bailey (visited)

Altars:
Ashenzari
Cheibriados
Dithmenos
Elyvilon
Fedhas
Gozag
Hepliaklqana
Kikubaaqudgha
Makhleb
Nemelex Xobeh
Okawaru
Qazlal
Ru
Sif Muna
Trog
Uskayaw
Vehumet
Wu Jian
Xom
Yredelemnul
Zin
The Shining One

Shops:
D:7 =


Innate Abilities, Weirdness & Mutations

You are resistant to torment.
Your stone body is resilient. (AC +9)
You are immune to poison.
You resist negative energy. (rN+)
You are resistant to electric shocks. (rElec)
You can survive without breathing.
You are immune to petrification.
You are immune to rotting.


Message History

You bludgeon the centaur!!
You kill the centaur!
The centaur shoots an arrow.
The arrow misses you.
The centaur shoots an arrow.
The arrow misses you.
You sock the wraith!
The wraith is heavily damaged.
The wraith hits you but does no damage.
The centaur shoots an arrow.
The arrow closely misses the centaur.
The arrow hits the acid dragon.
You sock the wraith!
The wraith is almost destroyed.
The centaur shoots an arrow.
The arrow hits the hippogriff!
The arrow burns the hippogriff.
The centaur shoots an arrow.
The arrow hits the acid dragon!
You closely miss the acid dragon.
The acid dragon is heavily wounded.
The acid dragon spits acid at you. The splash of acid hits you.
* * * LOW HITPOINT WARNING * * *
You are splashed with acid!
You die...

...>..##########'#####..........
......##....###.....##..........
............(.(.....##....(#.P..
.......)÷...........#......#
...,
........).[.....(c..#t..$..# ,.
........)..(..cp.({W'......# *,
.###..###...##.(##{c##(##..#
.###..###...##.H##c(##(##..# ,,
........#.......@D..((..#....+
........#.......)W......#,...#
........+...............# ..# ,
........#..(............# ,
..##...##....##.##(.##.## ,, ,,
# ##...####+######..#### * *
#.............,c...
#..............c....
#.<........... , ≈


You could see a death knight, a hippogriff, a wraith, a crocodile (wandering),
an acid dragon and 3 centaurs.

Vanquished Creatures
  Harold (D:7)
  3 two-headed ogres
  A centaur warrior (D:9)
  A skeletal warrior (D:9)
  An unseen horror (D:10)
  The ghost of Borgoz the Chopper, a novice GrBe of Trog (D:6)
  2 phantasmal warriors (D:11)
  5 orc knights (Bailey)
  2 ugly things
  2 deep elf magi (D:11)
  2 manticores
  A gargoyle (D:9)
  An ancient zyme (D:11)
  A troll (shapeshifter) (D:9)
  Grinder (D:3)
  A hippogriff (D:10)
  A shadow (D:11)
  5 yaks
  Grum (D:9)
  2 hungry ghosts (D:9)
  Menkaure (D:5)
  An acid dragon (D:9)
  3 water moccasins
  17 orc warriors
  3 ice beasts
  A sky beast (D:9)
  A phantom (D:8)
  2 wolves (D:9)
  6 ogres
  18 centaurs
  A crocodile (D:11)
  7 bullfrogs
  8 scorpions
  8 killer bees
  2 howler monkeys (D:10)
  13 wights (D:10)
  7 crimson imps
  A centaur zombie (D:5)
  A bullfrog zombie (D:9)
  A quasit (D:7)
  6 jellies
  4 orc priests
  13 orc wizards
  2 hounds
  5 iguanas
  2 bullfrog skeletons (D:9)
  Ijyb (D:3)
  Natasha (thrice) (D:3)
  5 worker ants
  A hound zombie (D:9)
  A howler monkey zombie (D:7)
  2 gnolls (D:9)
  A worker ant zombie (D:9)
  17 adders
  3 shadow imps
  5 oozes (D:8)
  2 adder skeletons
  5 worms
  2 dart slugs (D:1)
  7 leopard geckos
  72 orcs
  11 bats
  2 giant cockroaches
  6 hobgoblins
  7 jackals
  6 quokkas
  A ball python (D:3)
  6 frilled lizards
  A giant cockroach zombie (D:5)
  12 goblins
  7 kobolds
  A leopard gecko skeleton (D:4)
  A quokka skeleton (D:7)
  3 rats
360 creatures vanquished.

Vanquished Creatures (others)
  A centaur (D:11)
  A crocodile (D:11)
2 creatures vanquished.

Grand Total: 362 creatures vanquished

Notes
Turn   | Place    | Note
-------+----------+-------------------------------------------
     0 | D:1      | Borgoz the Gargoyle Gladiator began the quest for the Orb.
     0 | D:1      | Reached XP level 1. HP: 12/12 MP: 1/1
    54 | D:1      | Reached XP level 2. HP: 13/18 MP: 2/2
   397 | D:1      | Reached skill level 1 in Armour
   506 | D:2      | Reached XP level 3. HP: 22/22 MP: 3/3
   722 | D:2      | Found a shattered altar of Ashenzari.
   751 | D:2      | Became a worshipper of Ashenzari the Shackled
   836 | D:2      | Reached XP level 4. HP: 14/27 MP: 4/4
  1670 | D:3      | Reached skill level 4 in Staves
  1745 | D:3      | Reached XP level 5. HP: 30/32 MP: 5/5
  1795 | D:3      | Found a shimmering blue altar of Sif Muna.
  1878 | D:3      | Found an iron altar of Okawaru.
  2085 | D:3      | Found an opulent altar of Gozag.
  2085 | D:3      | Noticed Grinder
  2094 | D:3      | Paralysed by Grinder for 6 turns
  2111 | D:3      | HP: 1/32 [Grinder (3)]
  2119 | D:3      | Killed Grinder
  2119 | D:3      | Reached XP level 6. HP: 13/37 MP: 6/6
  2557 | D:3      | Noticed Ijyb
  2569 | D:3      | Killed Ijyb
  2756 | D:3      | Noticed Natasha
  2762 | D:3      | Killed Natasha
  2762 | D:3      | Reached skill level 5 in Staves
  2920 | D:3      | Noticed Natasha
  2930 | D:3      | Killed Natasha
  2930 | D:3      | Reached XP level 7. HP: 22/42 MP: 7/7
  3153 | D:3      | Noticed Natasha
  3161 | D:3      | Killed Natasha
  3185 | D:4      | Reached * piety under Ashenzari
  3246 | D:4      | Found a stormy altar of Qazlal.
  3635 | D:4      | Found a hazy altar of Hepliaklqana.
  3758 | D:5      | Entered Level 5 of the Dungeon
  3789 | D:5      | Found a shadowy altar of Dithmenos.
  3815 | D:5      | Noticed Menkaure
  3826 | D:5      | Killed Menkaure
  3878 | D:5      | Reached skill level 6 in Staves
  3878 | D:5      | Reached XP level 8. HP: 48/48 MP: 8/8
  3965 | D:5      | Reached skill level 5 in Dodging
  4372 | D:5      | Found a glowing golden altar of the Shining One.
  4810 | D:6      | Found a staircase to the Ecumenical Temple.
  4828 | Temple   | Entered the Ecumenical Temple
  5059 | D:6      | Reached skill level 5 in Fighting
  5174 | D:6      | Found a runed translucent door.
  5180 | D:6      | Noticed Borgoz's ghost (novice GrBe)
  5295 | D:6      | Reached skill level 7 in Staves
  5425 | D:6      | Found a shimmering altar of Xom.
  5479 | D:6      | Reached ** piety under Ashenzari
  5611 | D:6      | Found a sacrificial altar of Ru.
  5780 | D:6      | Found a shimmering blue altar of Sif Muna.
  5906 | D:7      | Reached XP level 9. HP: 30/54 MP: 9/9
  5952 | D:7      | Reached skill level 5 in Armour
  6254 | D:7      | Noticed Harold
  6294 | D:7      | Killed Harold
  6294 | D:7      | Reached skill level 8 in Staves
  6830 | D:7      | Found a white marble altar of Elyvilon.
  6919 | D:7      | Found Ziedu's Jewellery Shop.
  7350 | D:8      | Reached XP level 10. HP: 61/61 MP: 10/10
  7989 | D:8      | Reached skill level 9 in Staves
  8013 | D:8      | Reached *** piety under Ashenzari
  8679 | D:9      | Found a flagged portal.
  8711 | D:9      | Reached skill level 10 in Staves
  8711 | D:9      | Reached XP level 11. HP: 54/68 MP: 11/11
  8716 | Bailey   | Entered a bailey
  9334 | Bailey   | Noticed an orc knight
  9336 | Bailey   | Noticed an orc knight
  9340 | Bailey   | Noticed an orc knight
  9355 | Bailey   | Noticed an orc knight
  9367 | Bailey   | Killed an orc knight
  9379 | Bailey   | Killed an orc knight
  9379 | Bailey   | Reached skill level 11 in Staves
  9386 | Bailey   | Killed an orc knight
  9403 | Bailey   | Killed an orc knight
  9533 | Bailey   | Noticed an orc knight
  9739 | Bailey   | Noticed an orc knight
  9744 | Bailey   | Killed an orc knight
 10433 | D:9      | Reached XP level 12. HP: 75/76 MP: 12/12
 10454 | D:9      | Identified a scroll of acquirement
 10483 | D:10     | Entered Level 10 of the Dungeon
 10531 | D:10     | Noticed a two-headed ogre
 10549 | D:10     | Killed a two-headed ogre
 11248 | D:10     | Noticed Grum
 11519 | D:9      | Killed Grum
 11665 | D:10     | Reached skill level 10 in Dodging
 12395 | D:10     | Reached **** piety under Ashenzari
 12585 | D:11     | Reached skill level 12 in Staves
 12591 | D:11     | Identified the Incunabulum of Combed Thunderclap
 12602 | D:11     | Cast into level 3 of the Abyss (a wizard)
 12631 | D:11     | Escaped the Abyss
 13052 | D:9      | Noticed a centaur warrior
 13060 | D:9      | Killed a centaur warrior
 13170 | D:9      | Reached skill level 10 in Fighting
 13273 | D:9      | Noticed a two-headed ogre
 13274 | D:9      | Identified the +5 shortbow of Chaos {velocity, rF- rC++
                  | Int+4 Dex+3}
 13279 | D:9      | Killed a two-headed ogre
 13297 | D:9      | Identified the amulet of Duuh {Gourm Int+3}
 13452 | D:9      | Reached skill level 10 in Armour
 13497 | D:9      | Identified the amulet of Bor Mut {+Fly rElec Regen+ Str+8
                  | Int-5}
 13695 | D:6      | Killed Borgoz's ghost
 13695 | D:6      | Reached XP level 13. HP: 68/83 MP: 13/13
 14118 | D:11     | Found a staircase to the Lair.
 14171 | D:11     | HP: 6/124 [acid dragon/splash of acid (4)]
 14171 | D:11     | Splashed by an acid dragon's acid

Levels and vault maps discovered:
D:1:      wander_arrival_fairy_ring, layout_basic,
          minmay_misc_feat_secret_circle, minmay_misc_feat_nine_boxes
D:2:      layout_basic, evilmike_ruin_ashenzari
D:3:      layout_basic, lemuel_doored_altar, overflow_temple_1_default,
          first_ration, nrook_mini_backslash, kennysheep_decorative_pillar,
          grunt_ministairs_13, grunt_gozag_statues, uniq_natasha, uniq_grinder,
          uniq_ijyb
D:4:      minmay_general_purpose_star, layout_rooms,
          nicolae_overflow_crystal_walls, kennysheep_little_box
D:5:      wad_pebble_path, layout_loops_ring, tso_altar,
          nicolae_dithmenos_through_a_glass_darkly, uniq_menkaure
D:6:      layout_basic, tgw_xom, nicolae_ru_path_of_blood,
          minmay_temple_entry_statues_pillars, ebering_ghost_sewer_d,
          nrook_mini_vaults, lemuel_blue_sif_altar
D:7:      layout_basic, elyvilon_altar_3, serial_shops, kennysheep_mini_moat,
          minmay_diced_spiral, uniq_harold
D:8:      layout_basic, hangedman_little_slice_of_home
D:9:      minmay_the_grid_square_5x5_4x4 [minmay_the_grid_square_5x5_bracketed,
          minmay_the_grid_square_5x5_checkered_statues,
          minmay_the_grid_square_5x5_tri_point,
          minmay_the_grid_square_5x5_checkered,
          minmay_the_grid_square_5x5_three_walls,
          minmay_the_grid_square_5x5_prize_snowflake,
          minmay_the_grid_square_5x5_prize_waves,
          minmay_the_grid_square_5x5_fancy_junction,
          minmay_the_grid_square_5x5_two_walls_b,
          minmay_the_grid_square_5x5_prize_deathbox,
          minmay_the_grid_square_5x5_prize_open,
          minmay_the_grid_square_5x5_lines, minmay_the_grid_square_5x5_three,
          minmay_the_grid_square_5x5_beaten_path,
          minmay_the_grid_square_5x5_tetrominoes,
          minmay_the_grid_square_5x5_minibox], layout_long_grid, enter_bailey_7,
          statue_in_the_mist_lemuel
D:10:     layout_cross, uniq_grum
D:11:     layout_gridville, david_lair_generic, erik_orc_2,
          bh_hangedman_babel_library
Temple:   nicolae_temple_figure_eight

Skill      XL: |  1  2  3  4  5  6  7  8  9 10 11 12 |
---------------+-------------------------------------+-----
Armour         | 1 2 3 4 6 7 8 10 | 10.4
Dodging        | 3 4 5 7 9 10 | 10.7
Staves         | 4 5 6 7 8 10 11 12 | 12.6
Fighting       | 3 4 5 6 8 9 10 | 10.7
Throwing       | |  1.7

Action                   |  1- 3 |  4- 6 |  7- 9 | 10-12 | 13-15 || total
-------------------------+-------+-------+-------+-------+-------++-------
Melee: Quarterstaff      |    99 |   194 |   451 |   917 |   108 ||  1769
Throw: Throwing net      |       |     2 |     4 |     3 |       ||     9
Invok: Curse Item        |       |       |     1 |       |       ||     1
Evoke: Wand              |       |       |       |    14 |       ||    14
  Use: Potion            |       |     2 |     2 |    13 |     2 ||    19
       Scroll            |       |       |       |    25 |       ||    25
 Stab: Held in net/web   |       |       |     2 |     3 |       ||     5
       Distracted        |       |       |       |     1 |       ||     1
       Invisible         |       |       |       |    13 |       ||    13
  Eat: Chunk             |       |     7 |    14 |    13 |       ||    34
       Ration            |       |       |       |     3 |     1 ||     4
Armor: Leather armour    |    48 |    69 |       |       |       ||   117
       Skin              |       |    12 |     4 |       |       ||    16
       Ring mail         |       |     7 |   205 |   338 |    51 ||   601
Dodge: Dodged            |    84 |   188 |   353 |   905 |   143 ||  1673

Table legend:
 A = Non-vault XP
 B = Vault XP
 C = Vault XP percentage of total XP
 D = Non-vault monster count
 E = Vault monster count
 F = Vault count percentage of total count
                 A         B        C        D         E       F
            +---------+---------+-------+---------+---------+-------
      Total |   15531 |   14370 |  48.1 |     258 |     104 |  28.7
            +---------+---------+-------+---------+---------+-------
        D:1 |      32 |       0 |   0.0 |      16 |       0 |   0.0
        D:2 |     111 |       0 |   0.0 |      21 |       0 |   0.0
        D:3 |     146 |     373 |  71.9 |      28 |       4 |  12.5
        D:4 |     189 |       5 |   2.6 |       5 |       1 |  16.7
        D:5 |     678 |     175 |  20.5 |      29 |       1 |   3.3
        D:6 |     522 |     828 |  61.3 |      11 |       7 |  38.9
        D:7 |     709 |    1380 |  66.1 |      17 |       7 |  29.2
        D:8 |    1262 |     165 |  11.6 |      27 |       8 |  22.9
        D:9 |    2494 |    5760 |  69.8 |      35 |      31 |  47.0
       D:10 |    4949 |       0 |   0.0 |      40 |       0 |   0.0
       D:11 |    4439 |    1546 |  25.8 |      29 |       5 |  14.7
     Bailey |       0 |    4138 | 100.0 |       0 |      40 | 100.0
            +---------+---------+-------+---------+---------+-------
